 Dungeon Crawl Stone Soup version 0.29.1-1-gd02db69 (webtiles) character file.

Game seed: 12165916899020198087

20793 Timinator the Martial Artist (level 12, -15/97 HPs)
             Began as a Demigod Transmuter on Jan 13, 2023.
             Killed from afar by Frances (48 damage)
             ... with an iron shot
             ... on level 12 of the Dungeon.
             The game lasted 00:50:30 (14219 turns).

Timinator the Martial Artist (Demigod Transmuter)  Turns: 14219, Time: 00:50:30

Health: -15/97     AC: 12    Str: 23    XL:     12   Next: 19%
Magic:  18/18      EV: 17    Int: 14    God:
Gold:   740        SH:  5    Dex: 27    Spells: 8/15 levels left

rFire   . . .      SeeInvis +     - Unarmed
rCold   . . .      Faith    .   (no shield)
rNeg    . . .      Spirit   .   I - +4 ring mail "Vusten" {Will+}
rPois   .          Reflect  +   (no helmet)
rElec   .          Harm     .   m - +1 cloak
rCorr   .          Rampage  .   h - +0 pair of gloves
Will    ++...                   (no boots)
Stlth   +.........              n - amulet of reflection
HPRegen 0.26/turn               K - +6 ring of dexterity
MPRegen 0.16/turn               d - ring of see invisible

@: about to teleport, wereblooded (expiring)
A: high MP 1, forlorn, divine attributes, mutation resistance 1, strong 1
a: no special abilities


You were on level 12 of the Dungeon.
You visited 1 branch of the dungeon, and saw 12 of its levels.
You also visited: Sewer.

You collected 1072 gold pieces.
You spent 332 gold pieces at shops.

Inventory:

Missiles
 E - 28 poisoned darts
 J - 3 throwing nets
 Q - 5 silver javelins (quivered)
Armour
 h - a +0 pair of gloves (worn)
 m - a +1 cloak (worn)
 I - the +4 ring mail "Vusten" (worn) {Will+}
   (You bought it in a shop on level 8 of the Dungeon)

   Will:      It increases your willpower.
Jewellery
 d - a ring of see invisible (right hand)
 n - an amulet of reflection (around neck)
 s - a +6 ring of strength
 K - a +6 ring of dexterity (left hand)
Wands
 j - a wand of flame (8)
 q - a wand of iceblast (7)
 F - a wand of polymorph (14)
 G - a wand of acid (13)
 M - a wand of mindburst (12)
Scrolls
 c - 3 scrolls of poison
 f - 5 scrolls of teleportation
 g - 2 scrolls of fear {unknown}
 o - 5 scrolls of magic mapping
 p - 2 scrolls of silence {unknown}
 r - 2 scrolls of enchant armour {unknown}
 t - 3 scrolls of fog
 u - 2 scrolls of immolation {unknown}
 y - 2 scrolls of blinking {unknown}
 A - 3 scrolls of enchant weapon
 C - 2 scrolls of noise {unknown}
 D - 2 scrolls of amnesia
 H - a scroll of acquirement {unknown}
Potions
 b - a potion of lignification
 e - 3 potions of flight
 i - 2 potions of ambrosia
 l - 4 potions of mutation
 w - 2 potions of curing
 x - 2 potions of haste
 z - 2 potions of cancellation
 B - a potion of attraction
 L - a potion of heal wounds {unknown}
 N - a potion of berserk rage
 P - a potion of resistance
Miscellaneous
 a - a condenser vane


   Skills:
 * Level 6.6 Fighting
 - Level 3.0 Armour
 * Level 7.2 Dodging
 - Level 1.0 Shields
 * Level 13.7 Unarmed Combat
 - Level 2.0 Spellcasting
 * Level 8.3 Transmutations
 - Level 4.0 Ice Magic
 * Level 1.1 Evocations


You had 8 spell levels left.
You knew the following spells:

 Your Spells              Type           Power      Damage    Failure   Level
a - Beastly Appendage     Tmut           48%        N/A       1%          1
b - Wereblood             Tmut           24%        N/A       1%          2
c - Ice Form              Ice/Tmut       18%        N/A       28%         4

Your spell library contained the following spells:

 Spells                   Type           Power      Damage    Failure   Level
 Spider Form              Tmut/Pois      13%        N/A       21%         3
 Apportation              Tloc           2%         N/A       36%         1
 Magic Dart               Conj           4%         1d3       36%         1
 Necrotise                Necr           4%         1d4       36%         1
 Summon Small Mammal      Summ           4%         N/A       36%         1
 Call Imp                 Summ           1%         N/A       50%         2
 Mephitic Cloud           Conj/Pois/Air  1%         N/A       73%         3
 Fireball                 Conj/Fire      0%         3d3       100%        5
 Starburst                Conj/Fire      0%         6d3       100%        6
 Ignition                 Fire           0%         3d3       100%        8


Dungeon Overview and Level Annotations

Branches:
Dungeon (12/15)            Temple (0/1) D:5            Lair (0/5) D:10
    Orc (0/2) D:12          Sewer (visited)

Shops:
D:1 =   D:5 *   D:8 *(?

Annotations:
D:12 Frances


Innate Abilities, Weirdness & Mutations

You have an increased reservoir of magic. (+10% MP)
You shall have no god before yourself.
Your divine heritage dramatically boosts your attributes as you level up.
You are somewhat resistant to further mutation.
Your muscles are strong. (Str +4, Int/Dex -1)


Message History

The kobold hits you but does no damage.
Items here: ( )) ††.
Frances shouts!
You punch the kobold!
You feel a bit better.
You kill the kobold!
You hear a shout!
A goblin comes into view. It is wielding a +0 dagger.
Things that are here:
a +0 club; 6 poisoned darts Your horns disappear.
Your talons disappear.
You howl as the wereblood boils in your veins!
You closely miss the goblin. The goblin misses you.
You barely miss the goblin. You block the goblin's attack.
You miss the goblin. You pummel the goblin!!
You feel a bit better.
You kill the goblin!
You see here a +0 dagger.
Frances screams a word of power!
Frances seems to speed up.
You howl as the wereblood boils in your veins!
Frances drinks a potion.
Frances suddenly seems more resistant.
Frances chants phrases taken from a devil's mouth.
The shard of ice hits you!!
* * * LOW HITPOINT WARNING * * *
Items here: ))) [[[ ÷÷.
Your primal bloodlust is almost over.
Items here: )) [ ÷÷.
Frances chants phrases taken from a devil's mouth.
As you read the scroll of teleportation, it crumbles to dust.
You feel strangely unstable. You block the rust devil's attack.
The rust devil attacks as you move away!
The rust devil misses you.
Things that are here:
a +0 flail; a +0 leather armour; an orc skeleton You see here a +1 whip of draining.
You howl as the wereblood boils in your veins!
Frances says, "I am undefeated in single-handed combat."
Frances whispers indecipherable words.
The iron shot hits you!!!
You die...

....'.†>.......'....#
....####.......####.#######
.......#.......##.........#
#'#.##.##......##.........#
..#.# ##...^..##.........#
###.# ##......'..........+
#...##.###.....##.........#
#.#....# #.....#).......).+
....# #######@##########
....####### #))##.## ##..#
..........# ##÷)#..# #.#...
..........#
#...@#####..###.
..........#
#...#4.#.....#.#
...#.#+#..+
###..##4##.##..## ...#.#
#.#.##...#..##... ...#†###
##.....#.#.#...# # ......<#
#...#..#....##.##.


You could see Frances (fast, resistant) and 2 rust devils.

Vanquished Creatures
  Josephine (D:10)
  2 boulder beetles
  2 hydras
  A centaur warrior (D:9)
  A two-headed ogre (D:9)
  A tengu warrior (D:8)
  Lodul (D:9)
  A necromancer (D:10)
  A deep elf pyromancer (D:9)
  An ugly thing (D:8)
  A manticore (D:8)
  A cyclops (D:11)
  An unseen horror (D:11)
  A gargoyle (D:12)
  Psyche (D:8)
  2 kobold demonologists (D:12)
  A komodo dragon (D:10)
  A troll (D:10)
  A vampire (D:9)
  Sigmund (D:2)
  4 wraiths
  A shadow (D:10)
  3 wyverns
  18 yaks
  A steam dragon (D:9)
  5 vampire mosquitoes
  Menkaure (D:7)
  4 acid dragons
  3 wargs
  2 water moccasins
  Pargi (Sewer)
  7 orc warriors
  2 black bears
  A sky beast (D:7)
  6 centaurs
  10 ogres
  5 kobold brigands
  6 bullfrogs
  A necrophage (D:7)
  2 scorpions (D:6)
  4 gnoll sergeants
  10 wights
  A killer bee (D:9)
  7 howler monkeys
  2 electric eels (D:10)
  A jelly (D:6)
  6 orc priests
  A gnoll bouda (D:8)
  5 hounds
  2 iguanas (D:7)
  13 orc wizards
  2 polar bear simulacra (D:11)
  A yak simulacrum (D:11)
  4 wolf simulacra (D:11)
  23 gnolls
  8 adders
  2 river rats (D:4)
  A shadow imp (D:6)
  2 white imps (D:7)
  2 worms
  A dart slug (D:4)
  29 orcs
  9 bats
  8 endoplasms
  2 giant cockroaches
  6 hobgoblins
  7 jackals
  5 quokkas
  4 ball pythons
  4 frilled lizards
  14 goblins
  19 kobolds
  4 rats
  4 river rat simulacra (D:11)
319 creatures vanquished.

Vanquished Creatures (others)
  A plant (D:10)
1 creature vanquished.

Grand Total: 320 creatures vanquished

Notes
Turn   | Place    | Note
-------+----------+-------------------------------------------
     0 | D:1      | Timinator the Demigod Transmuter began the quest for the
                  | Orb.
     0 | D:1      | Reached XP level 1. HP: 15/15 MP: 5/5
    94 | D:1      | Reached skill level 1 in Fighting
   542 | D:1      | Reached XP level 2. HP: 21/23 MP: 5/7
   625 | D:1      | Reached skill level 3 in Unarmed Combat
  1171 | D:1      | Found Raxzypha's Jewellery Shop.
  1193 | D:1      | Reached skill level 1 in Armour
  1197 | D:1      | Learned a level 2 spell: Wereblood
  1368 | D:2      | Reached XP level 3. HP: 16/28 MP: 8/8
  1852 | D:2      | Noticed Sigmund
  1870 | D:2      | Killed Sigmund
  1871 | D:2      | Reached XP level 4. HP: 29/36 MP: 9/9
  1871 | D:2      | Reached XP level 5. HP: 33/41 MP: 10/10
  1875 | D:2      | Reached skill level 4 in Unarmed Combat
  3066 | D:4      | Noticed a black bear
  3078 | D:4      | Reached XP level 6. HP: 48/48 MP: 11/11
  3194 | D:4      | Found a glowing drain.
  3198 | Sewer    | Entered a sewer
  3277 | Sewer    | Noticed Pargi
  3292 | Sewer    | Killed Pargi
  3300 | Sewer    | Reached skill level 1 in Shields
  3629 | D:4      | Reached XP level 7. HP: 56/56 MP: 13/13
  3643 | D:4      | Learned a level 4 spell: Ice Form
  3797 | D:5      | Entered Level 5 of the Dungeon
  3831 | D:5      | Reached skill level 5 in Unarmed Combat
  3898 | D:5      | Found a staircase to the Ecumenical Temple.
  3942 | D:5      | Found Cosod's Lightly-Used Armoury.
  4826 | D:6      | Reached skill level 6 in Unarmed Combat
  5104 | D:6      | Reached XP level 8. HP: 63/63 MP: 14/14
  5431 | D:7      | Reached skill level 7 in Unarmed Combat
  5613 | D:7      | Noticed Menkaure
  5621 | D:7      | Killed Menkaure
  5768 | D:7      | Reached skill level 8 in Unarmed Combat
  5772 | D:7      | Reached skill level 1 in Ice Magic
  5777 | D:7      | Reached XP level 9. HP: 70/71 MP: 15/15
  5801 | D:7      | Identified the +6 mace "Jietac" {antimagic, *Rage rN+ Int+3
                  | SInv}
  5983 | D:8      | Found Tocy's Assorted Antiques.
  6004 | D:8      | Bought a steaming ring mail for 288 gold pieces
  6004 | D:8      | Identified the +4 ring mail "Vusten" {Will+} (You bought it
                  | in a shop on level 8 of the Dungeon)
  6020 | D:8      | Found Yhor Zos's Antique Weapon Emporium.
  6032 | D:8      | Found Yczenin's Magic Scroll Shop.
  6060 | D:8      | Noticed Psyche
  6070 | D:8      | Killed Psyche
  6106 | D:8      | Bought 2 scrolls of identify for 44 gold pieces
  6256 | D:8      | Noticed a tengu warrior
  6256 | D:8      | Noticed a cyan ugly thing
  6256 | D:8      | Noticed a seven-headed hydra
  6256 | D:8      | Noticed a manticore
  6877 | D:8      | Reached skill level 9 in Unarmed Combat
  6877 | D:8      | Reached skill level 5 in Transmutations
  6923 | D:8      | Killed a cyan ugly thing
  6937 | D:8      | Killed a tengu warrior
  6944 | D:8      | Killed a manticore
  6945 | D:8      | Reached skill level 5 in Dodging
  7246 | D:8      | Killed a seven-headed hydra
  7247 | D:8      | Reached skill level 5 in Fighting
  7247 | D:8      | Reached skill level 10 in Unarmed Combat
  7247 | D:8      | Reached XP level 10. HP: 81/81 MP: 16/16
  7514 | D:9      | Noticed a two-headed ogre
  7524 | D:9      | Killed a two-headed ogre
  7567 | D:9      | Gained mutation: Your spells are a little easier to cast,
                  | but a little less powerful. [potion of mutation]
  7567 | D:9      | Gained mutation: You are agile. (Dex +4, Str/Int -1)
                  | [potion of mutation]
  7568 | D:9      | Lost mutation: You are agile. (Dex +4, Str/Int -1) [potion
                  | of mutation]
  7568 | D:9      | Lost mutation: Your spells are a little easier to cast, but
                  | a little less powerful. [potion of mutation]
  7568 | D:9      | Gained mutation: You have a pair of small horns on your
                  | head. [potion of mutation]
  7568 | D:9      | Gained mutation: You are somewhat resistant to further
                  | mutation. [potion of mutation]
  7569 | D:9      | Lost mutation: You have a pair of small horns on your head.
                  | [potion of mutation]
  7569 | D:9      | Lost mutation: You are somewhat resistant to further
                  | mutation. [potion of mutation]
  7569 | D:9      | Gained mutation: Your muscles are strong. (Str +4, Int/Dex
                  | -1) [potion of mutation]
  7569 | D:9      | Gained mutation: You are somewhat resistant to further
                  | mutation. [potion of mutation]
  7718 | D:9      | Found a runed translucent door.
  8130 | D:9      | Found a runed translucent door.
  8565 | D:9      | Noticed a deep elf pyromancer
  8578 | D:9      | Killed a deep elf pyromancer
  8579 | D:9      | Reached skill level 11 in Unarmed Combat
  8579 | D:9      | Noticed a centaur warrior
  8584 | D:9      | Killed a centaur warrior
  9164 | D:10     | Entered Level 10 of the Dungeon
  9183 | D:10     | Noticed Josephine
  9205 | D:10     | Killed Josephine
  9206 | D:10     | Reached XP level 11. HP: 25/88 MP: 17/17
 10402 | D:10     | Noticed Lodul
 10424 | D:9      | Killed Lodul
 10690 | D:9      | Reached skill level 12 in Unarmed Combat
 10815 | D:10     | Found a staircase to the Lair.
 12081 | D:11     | Noticed a necromancer
 12103 | D:10     | Killed a necromancer
 12208 | D:11     | Noticed a seven-headed hydra
 12210 | D:11     | Noticed a boulder beetle
 12583 | D:10     | Killed a boulder beetle
 12584 | D:10     | Reached skill level 13 in Unarmed Combat
 12838 | D:11     | Killed a seven-headed hydra
 13113 | D:11     | Identified the +1 robe of Inquiry {rElec rPois Str-3 Int+4}
 13763 | D:12     | Reached XP level 12. HP: 85/97 MP: 16/18
 13849 | D:12     | Noticed a boulder beetle
 13863 | D:12     | Killed a boulder beetle
 13947 | D:12     | Found a staircase to the Orcish Mines.
 14181 | D:12     | Reached skill level 1 in Evocations
 14193 | D:12     | Noticed Frances
 14219 | D:12     | Killed from afar by Frances

Illustrated notes

Levels and vault maps discovered:
D:1:      dpeg_arrival_arbitrary_a, layout_loops_ring, serial_shops,
          nicolae_shop_hallway_plus
D:2:      layout_basic, basic_altar, uniq_sigmund
D:3:      layout_rooms, nicolae_overflow_crystal_walls,
          hellmonk_ecumenical_altar_heavens_door
D:4:      layout_cave_pools, general_overflow_altar, serial_column_ruins,
          column_ruins_square_huge, column_ruins_square_medium,
          column_ruins_corridor_corner, column_ruins_open_medium,
          column_ruins_open_medium_water, column_ruins_columns_corner,
          column_ruins_open_tiny, column_ruins_columns_straight,
          column_ruins_grid_1, gup_sewer_entry_spiral
D:5:      layout_basic, minmay_temple_entry_stoned_glass, minmay_shop_damaged
D:6:      layout_basic
D:7:      nicolae_BIG_FREAKIN_CUBE, layout_basic, minivault_22, minmay_circle_x,
          uniq_menkaure
D:8:      layout_layer_cave, serial_shops, shop, nicolae_shop_stone, shop,
          minmay_radiant, uniq_psyche
D:9:      cheibrodos_histonic, layout_basic
D:10:     argonaut_augean_stables, layout_basic,
          nicolae_gozag_cash_rules_everything_around_me,
          erik_lair_orcish_takeover, uniq_josephine, uniq_lodul
D:11:     layout_loops_cross, eino_house_with_fridge
D:12:     layout_basic, erik_orc_3, gammafunk_ghost_hive, uniq_frances

Skill      XL: |  1  2  3  4  5  6  7  8  9 10 11 12 |
---------------+-------------------------------------+-----
Fighting       | 1 2 3 4 5 6 |  6.6
Spellcasting   | 2 |  2.0
Unarmed Combat | 3 4 6 8 10 11 13 | 13.7
Armour         | 1 3 |  3.0
Dodging        | 2 3 4 5 6 7 |  7.2
Transmutations | 2 3 4 5 6 8 |  8.3
Shields        | 1 |  1.0
Ice Magic      | 1 2 3 4 |  4.0
Evocations     | 1 |  1.1

Action                   |  1- 3 |  4- 6 |  7- 9 | 10-12 || total
-------------------------+-------+-------+-------+-------++-------
Melee: Unarmed           |   134 |   141 |   313 |   501 ||  1089
       Kick              |    14 |    30 |    68 |   184 ||   296
       Headbutt          |     5 |    19 |    35 |   115 ||   174
       Punch             |       |     6 |    19 |    40 ||    65
Throw: Dart              |       |       |     4 |     4 ||     8
       Javelin           |       |       |       |     1 ||     1
 Cast: Beastly Appendage |    13 |    19 |    27 |    43 ||   102
       Wereblood         |     2 |     9 |    18 |    29 ||    58
       Ice Form          |       |       |       |     2 ||     2
Evoke: Wand              |       |       |     5 |     2 ||     7
  Use: Potion            |     1 |       |     6 |     9 ||    16
       Scroll            |       |       |    14 |     6 ||    20
 Stab: Sleeping          |       |     1 |       |       ||     1
       Invisible         |       |       |     1 |     3 ||     4
Armor: Robe              |     2 |       |       |       ||     2
       Leather armour    |    35 |    39 |       |       ||    74
       Skin              |     7 |     3 |    63 |    24 ||    97
       Troll leather arm |       |     6 |    35 |       ||    41
       Ring mail         |       |       |    35 |    98 ||   133
Dodge: Dodged            |    74 |    95 |   173 |   285 ||   627
Block: Other             |     4 |    36 |    68 |    86 ||   194
       Reflection        |       |       |       |     4 ||     4
